Workbook

Sheet Totals
B1: 2024 Election Projections with staffing plan in place
A2: Election Inspectors | B2: Election Day Inspectors | C2: Cost | D2: Early Voting Inspectors | E2: Cost | F2: Election Total Cost
A3: Presidential Primary | B3: ='Presidential Primary'!E148 -> 788 | C3: ='Presidential Primary'!G148 -> 216140 | D3: ='Presidential Primary'!B157 -> 540 | E3: ='Presidential Primary'!C157 -> 80730 | F3: =C3+E3 -> 296870
A4: Congressional Primary | B4: ='Congressional Primary'!E148 -> 788 | C4: ='Congressional Primary'!G148 -> 216140 | D4: ='Congressional Primary'!B157 -> 540 | E4: ='Congressional Primary'!C157 -> 80730 | F4: =C4+E4 -> 296870
A5: General Election | B5: ='General Election'!E148 -> 1220 | C5: ='General Election'!G148 -> 324140 | D5: ='General Election'!B157 -> 990 | E5: ='General Election'!C157 -> 144630 | F5: =C5+E5 -> 468770
F6: =SUM(F3:F5) -> 1062510
A7: Tech Election Day (17 hours eday, 17 hours setup and phone calls) | C7: Cost
A8: Presidential Primary | B8: 24 | C8: =B8*17*25.75*2 -> 21012 | D8: 90 | E8: =D8*11*25.75 -> 25492.5 | F8: =C8+E8 -> 46504.5
A9: Congressional Primary | B9: 24 | C9: =B9*17*25.75*2 -> 21012 | D9: 90 | E9: =D9*11*25.75 -> 25492.5 | F9: =C9+E9 -> 46504.5
A10: General Election | B10: 24 | C10: =B10*17*25.75*2 -> 21012 | D10: 90 | E10: =D10*11*25.75 -> 25492.5 | F10: =C10+E10 -> 46504.5
F11: =SUM(F8:F10) -> 139513.5
A13: Tech Pre-Lat (Total Cost based on 2022) | D13: Tech Post Election Assistance | G13: Memory Card Runners | H13: (Total Cost based on 2022)
A14: Presidential Primary | B14: 15017.25 | D14: Presidential Primary | E14: 17550 | G14: Presidential Primary | H14: 2750
A15: Congressional Primary | B15: 15017.25 | D15: Congressional Primary | E15: 17550 | G15: Congressional Primary | H15: 2750
A16: General Election | B16: 15017.25 | D16: General Election | E16: 17550 | G16: General Election | H16: 2750
B17: =SUM(B14:B16) -> 45051.75 | E17: =SUM(E14:E16) -> 52650 | H17: =SUM(H14:H16) -> 8250
E19: Election Cost
A20: Training Cost (broken out on Training tab) | B20: =Training!G12 -> 128898 | E20: Presidential Primary | F20: =F3+F8+B14+E14+H14 -> 378691.75
A21: 6 temporary workers ($35000 a piece) | B21: =6*35000 -> 210000 | E21: Congressional Primary | F21: =F4+F9+B15+E15+H15 -> 378691.75
E22: General Election | F22: =F5+F10+B16+E16+H16 -> 550591.75
A23: Total 103 cost | B23: =F6+F11+B17+E17+H17+B20+B21 -> 1646873.2

Sheet Presidential Primary
A1: Polling Place | B1: Sum of Voter Count | C1: ED | D1: PSM | E1: Reg | F1: Reg Cost | G1: PSM Cost | H1: NYS Election Law Minimum
A2: P.E.A.C.E. | B2: 2975 | C2: 3 | D2: 2 | E2: 2 | F2: =E2*250 -> 500 | G2: =D2*316 -> 632 | H2: =C2*4 -> 12 | I2: =H2*241.4 -> 2896.8
A3: SU HUNTINGTON HALL | B3: 2622 | C3: 9 | D3: 2 | E3: 3 | F3: =E3*250 -> 750 | G3: =D3*316 -> 632 | H3: =C3*4 -> 36 | I3: =H3*241.4 -> 8690.4
A4: ST MICHAEL'S LUTHERAN CHURCH | B4: 3665 | C4: 4 | D4: 2 | E4: 4 | F4: =E4*250 -> 1000 | G4: =D4*316 -> 632 | H4: =C4*4 -> 16 | I4: =H4*241.4 -> 3862.4
A5: ERWIN FIRST UNITED METHODIST CHURCH | B5: 2244 | C5: 4 | D5: 2 | E5: 3 | F5: =E5*250 -> 750 | G5: =D5*316 -> 632 | H5: =C5*4 -> 16 | I5: =H5*241.4 -> 3862.4
A6: ST STEPHEN LUTHERAN CHURCH | B6: 2164 | C6: 4 | D6: 2 | E6: 3 | F6: =E6*250 -> 750 | G6: =D6*316 -> 632 | H6: =C6*4 -> 16 | I6: =H6*241.4 -> 3862.4
A7: MANLIUS TOWN HALL | B7: 2112 | C7: 3 | D7: 2 | E7: 3 | F7: =E7*250 -> 750 | G7: =D7*316 -> 632 | H7: =C7*4 -> 12 | I7: =H7*241.4 -> 2896.8
A8: FIRST UNITARIAN UNIVERSALIST SOCIETY OF SYRACUSE | B8: 2099 | C8: 2 | D8: 2 | E8: 3 | F8: =E8*250 -> 750 | G8: =D8*316 -> 632 | H8: =C8*4 -> 8 | I8: =H8*241.4 -> 1931.2
A9: LEMOYNE COLLEGE (PANASCI FAMILY CHAPEL) | B9: 2063 | C9: 4 | D9: 2 | E9: 3 | F9: =E9*250 -> 750 | G9: =D9*316 -> 632 | H9: =C9*4 -> 16 | I9: =H9*241.4 -> 3862.4
A10: NORTHSIDE BAPTIST CHURCH | B10: 2053 | C10: 3 | D10: 2 | E10: 3 | F10: =E10*250 -> 750 | G10: =D10*316 -> 632 | H10: =C10*4 -> 12 | I10: =H10*241.4 -> 2896.8
A11: NOTTINGHAM HIGH SCHOOL (MAIN ENTR) | B11: 2014 | C11: 3 | D11: 2 | E11: 3 | F11: =E11*250 -> 750 | G11: =D11*316 -> 632 | H11: =C11*4 -> 12 | I11: =H11*241.4 -> 2896.8
A12: NORTH SYRACUSE SCHOOL DISTRICT OFFICES | B12: 4804 | C12: 5 | D12: 2 | E12: 5 | F12: =E12*250 -> 1250 | G12: =D12*316 -> 632 | H12: =C12*4 -> 20 | I12: =H12*241.4 -> 4828
A13: HUNTINGTON SCHOOL | B13: 2000 | C13: 3 | D13: 2 | E13: 3 | F13: =E13*250 -> 750 | G13: =D13*316 -> 632 | H13: =C13*4 -> 12 | I13: =H13*241.4 -> 2896.8
... A146: DEWITT TOWN HALL | B146: 1184 | C146: 2 | D146: 2 | E146: 3 | F146: =E146*250 -> 750 | G146: =D146*316 -> 632 | H146: =C146*4 -> 8 | I146: =H146*241.4 -> 1931.2
A147: 2024 Totals | C147: =SUM(C2:C146) -> 436 | D147: =SUM(D2:D146) -> 290 | E147: =SUM(E2:E146) -> 498 | F147: =E147*250 -> 124500 | G147: =D147*316 -> 91640 | H147: =SUM(H2:H146) -> 1744 | I147: =SUM(I2:I146) -> 421001.6
A148: Election Day Totals | E148: =D147+E147 -> 788 | G148: =F147+G147 -> 216140
A150: Early Voting | B150: Number | C150: Cost
A152: PSM | B152: 1 | C152: =B152*187 -> 187
A153: Regular | B153: 5 | C153: =B153*142 -> 710
A154: Totals per Day | B154: =SUM(B151:B153) -> 6 | C154: =SUM(C151:C153) -> 897
A155: Total Days | B155: 9 | C155: 9
A156: Total Sites | B156: 10 | C156: 10
A157: Total | B157: =B154*B155*B156 -> 540 | C157: =C154*C155*C156 -> 80730

Sheet Congressional Primary
A1: Polling Place | B1: Sum of Voter Count | C1: ED | D1: PSM | E1: Reg | F1: Reg Cost | G1: PSM Cost | H1: NYS Election Law Minimum | I1: NYS Minimum cost
A2: P.E.A.C.E. | B2: 2975 | C2: 3 | D2: 2 | E2: 2 | F2: =E2*250 -> 500 | G2: =D2*316 -> 632 | H2: =C2*4 -> 12 | I2: =H2*241.4 -> 2896.8
A3: SU HUNTINGTON HALL | B3: 2622 | C3: 9 | D3: 2 | E3: 3 | F3: =E3*250 -> 750 | G3: =D3*316 -> 632 | H3: =C3*4 -> 36 | I3: =H3*241.4 -> 8690.4
A4: ST MICHAEL'S LUTHERAN CHURCH | B4: 3665 | C4: 4 | D4: 2 | E4: 4 | F4: =E4*250 -> 1000 | G4: =D4*316 -> 632 | H4: =C4*4 -> 16 | I4: =H4*241.4 -> 3862.4
A5: ERWIN FIRST UNITED METHODIST CHURCH | B5: 2244 | C5: 4 | D5: 2 | E5: 3 | F5: =E5*250 -> 750 | G5: =D5*316 -> 632 | H5: =C5*4 -> 16 | I5: =H5*241.4 -> 3862.4
A6: ST STEPHEN LUTHERAN CHURCH | B6: 2164 | C6: 4 | D6: 2 | E6: 3 | F6: =E6*250 -> 750 | G6: =D6*316 -> 632 | H6: =C6*4 -> 16 | I6: =H6*241.4 -> 3862.4
A7: MANLIUS TOWN HALL | B7: 2112 | C7: 3 | D7: 2 | E7: 3 | F7: =E7*250 -> 750 | G7: =D7*316 -> 632 | H7: =C7*4 -> 12 | I7: =H7*241.4 -> 2896.8
A8: FIRST UNITARIAN UNIVERSALIST SOCIETY OF SYRACUSE | B8: 2099 | C8: 2 | D8: 2 | E8: 3 | F8: =E8*250 -> 750 | G8: =D8*316 -> 632 | H8: =C8*4 -> 8 | I8: =H8*241.4 -> 1931.2
A9: LEMOYNE COLLEGE (PANASCI FAMILY CHAPEL) | B9: 2063 | C9: 4 | D9: 2 | E9: 3 | F9: =E9*250 -> 750 | G9: =D9*316 -> 632 | H9: =C9*4 -> 16 | I9: =H9*241.4 -> 3862.4
A10: NORTHSIDE BAPTIST CHURCH | B10: 2053 | C10: 3 | D10: 2 | E10: 3 | F10: =E10*250 -> 750 | G10: =D10*316 -> 632 | H10: =C10*4 -> 12 | I10: =H10*241.4 -> 2896.8
A11: NOTTINGHAM HIGH SCHOOL (MAIN ENTR) | B11: 2014 | C11: 3 | D11: 2 | E11: 3 | F11: =E11*250 -> 750 | G11: =D11*316 -> 632 | H11: =C11*4 -> 12 | I11: =H11*241.4 -> 2896.8
A12: NORTH SYRACUSE SCHOOL DISTRICT OFFICES | B12: 4804 | C12: 5 | D12: 2 | E12: 5 | F12: =E12*250 -> 1250 | G12: =D12*316 -> 632 | H12: =C12*4 -> 20 | I12: =H12*241.4 -> 4828
A13: HUNTINGTON SCHOOL | B13: 2000 | C13: 3 | D13: 2 | E13: 3 | F13: =E13*250 -> 750 | G13: =D13*316 -> 632 | H13: =C13*4 -> 12 | I13: =H13*241.4 -> 2896.8
... A146: DEWITT TOWN HALL | B146: 1184 | C146: 2 | D146: 2 | E146: 3 | F146: =E146*250 -> 750 | G146: =D146*316 -> 632 | H146: =C146*4 -> 8 | I146: =H146*241.4 -> 1931.2
A147: 2024 Totals | C147: =SUM(C2:C146) -> 436 | D147: =SUM(D2:D146) -> 290 | E147: =SUM(E2:E146) -> 498 | F147: =E147*250 -> 124500 | G147: =D147*316 -> 91640 | H147: =SUM(H2:H146) -> 1744 | I147: =SUM(I2:I146) -> 421001.6
A148: Election Day Totals | E148: =D147+E147 -> 788 | G148: =F147+G147 -> 216140
A150: Early Voting | B150: Number | C150: Cost
A152: PSM | B152: 1 | C152: =B152*187 -> 187
A153: Regular | B153: 5 | C153: =B153*142 -> 710
A154: Totals per Day | B154: =SUM(B151:B153) -> 6 | C154: =SUM(C151:C153) -> 897
A155: Total Days | B155: 9 | C155: 9
A156: Total Sites | B156: 10 | C156: 10
A157: Total | B157: =B154*B155*B156 -> 540 | C157: =C154*C155*C156 -> 80730

Sheet General Election
A1: Polling Place | B1: Sum of Voter Count | C1: ED | D1: PSM | E1: Reg | F1: Reg Cost | G1: PSM Cost | H1: NYS Election Law Minimum
A2: P.E.A.C.E. | B2: 2975 | C2: 3 | D2: 2 | E2: 5 | F2: =E2*250 -> 1250 | G2: =D2*316 -> 632 | H2: =C2*4 -> 12 | I2: =H2*241.4 -> 2896.8
A3: SU HUNTINGTON HALL | B3: 2622 | C3: 9 | D3: 2 | E3: 6 | F3: =E3*250 -> 1500 | G3: =D3*316 -> 632 | H3: =C3*4 -> 36 | I3: =H3*241.4 -> 8690.4
A4: ST MICHAEL'S LUTHERAN CHURCH | B4: 3665 | C4: 4 | D4: 2 | E4: 7 | F4: =E4*250 -> 1750 | G4: =D4*316 -> 632 | H4: =C4*4 -> 16 | I4: =H4*241.4 -> 3862.4
A5: ERWIN FIRST UNITED METHODIST CHURCH | B5: 2244 | C5: 4 | D5: 2 | E5: 6 | F5: =E5*250 -> 1500 | G5: =D5*316 -> 632 | H5: =C5*4 -> 16 | I5: =H5*241.4 -> 3862.4
A6: ST STEPHEN LUTHERAN CHURCH | B6: 2164 | C6: 4 | D6: 2 | E6: 6 | F6: =E6*250 -> 1500 | G6: =D6*316 -> 632 | H6: =C6*4 -> 16 | I6: =H6*241.4 -> 3862.4
A7: MANLIUS TOWN HALL | B7: 2112 | C7: 3 | D7: 2 | E7: 6 | F7: =E7*250 -> 1500 | G7: =D7*316 -> 632 | H7: =C7*4 -> 12 | I7: =H7*241.4 -> 2896.8
A8: FIRST UNITARIAN UNIVERSALIST SOCIETY OF SYRACUSE | B8: 2099 | C8: 2 | D8: 2 | E8: 6 | F8: =E8*250 -> 1500 | G8: =D8*316 -> 632 | H8: =C8*4 -> 8 | I8: =H8*241.4 -> 1931.2
A9: LEMOYNE COLLEGE (PANASCI FAMILY CHAPEL) | B9: 2063 | C9: 4 | D9: 2 | E9: 6 | F9: =E9*250 -> 1500 | G9: =D9*316 -> 632 | H9: =C9*4 -> 16 | I9: =H9*241.4 -> 3862.4
A10: NORTHSIDE BAPTIST CHURCH | B10: 2053 | C10: 3 | D10: 2 | E10: 6 | F10: =E10*250 -> 1500 | G10: =D10*316 -> 632 | H10: =C10*4 -> 12 | I10: =H10*241.4 -> 2896.8
A11: NOTTINGHAM HIGH SCHOOL (MAIN ENTR) | B11: 2014 | C11: 3 | D11: 2 | E11: 6 | F11: =E11*250 -> 1500 | G11: =D11*316 -> 632 | H11: =C11*4 -> 12 | I11: =H11*241.4 -> 2896.8
A12: NORTH SYRACUSE SCHOOL DISTRICT OFFICES | B12: 4804 | C12: 5 | D12: 2 | E12: 8 | F12: =E12*250 -> 2000 | G12: =D12*316 -> 632 | H12: =C12*4 -> 20 | I12: =H12*241.4 -> 4828
A13: HUNTINGTON SCHOOL | B13: 2000 | C13: 3 | D13: 2 | E13: 6 | F13: =E13*250 -> 1500 | G13: =D13*316 -> 632 | H13: =C13*4 -> 12 | I13: =H13*241.4 -> 2896.8
... A146: DEWITT TOWN HALL | B146: 1184 | C146: 2 | D146: 2 | E146: 6 | F146: =E146*250 -> 1500 | G146: =D146*316 -> 632 | H146: =C146*4 -> 8 | I146: =H146*241.4 -> 1931.2
A147: 2024 Totals | D147: =SUM(D2:D146) -> 290 | E147: =SUM(E2:E146) -> 930 | F147: =E147*250 -> 232500 | G147: =D147*316 -> 91640 | H147: =SUM(H2:H146) -> 1744 | I147: =H147*241.4 -> 421001.6
A148: Election Day Totals | E148: =D147+E147 -> 1220 | G148: =F147+G147 -> 324140
A150: Early Voting | B150: Number | C150: Cost
A152: PSM | B152: 1 | C152: =B152*187 -> 187
A153: Regular | B153: 10 | C153: =B153*142 -> 1420
A154: Totals per Day | B154: =SUM(B151:B153) -> 11 | C154: =SUM(C151:C153) -> 1607
A155: Total Days | B155: 9 | C155: 9
A156: Total Sites | B156: 10 | C156: 10
A157: Total | B157: =B154*B155*B156 -> 990 | C157: =C154*C155*C156 -> 144630

Sheet Training
A1: CLASS AND ELECTION DAY PER MIN WAGE
C2: 2024 | D2: 15 | E2: (Min wage per Hour)
A4: CLASS
D5: Totals | J5: Instructional Hours
B6: Hours | C6: Cost | F6: Classes | G6: Inst Hours | H6: Teacher Cost | I6: Helper Cost
A7: CERT | B7: 3.5 | C7: =SUM(B7*D2) -> 52.5 | D7: 1250 | E7: =SUM(D7*C7) -> 65625 | F7: 70 | G7: =F7*(B7+1) -> 315 | H7: =G7*25 -> 7875 | I7: =G7*14.2*2 -> 8946
A8: PSM | B8: 3 | C8: =SUM(B8*D2) -> 45 | D8: 700 | E8: =SUM(D8*C8) -> 31500 | F8: =D8/10 -> 70 | G8: =F8*(B8+1) -> 280 | H8: =G8*25 -> 7000 | I8: =G8*14.2*2 -> 7952
D9: (PSMS take 2 classes a year)
E12: Training Cost: | G12: =E7+E8+H7+H8+I7+I8 -> 128898

Sheet NYS Minimum
A1: NYS Minimum if no approved staffing plan is submitted
A3: Election | B3: Election Day Inspectors | C3: Cost | D3: Techs | E3: Memory Card | F3: Total Election Cost
A4: Presidential Primary | B4: 1744 | C4: 421001.6 | D4: =Totals!B14+Totals!E14+Totals!C8+Totals!E8 -> 79071.75 | E4: =Totals!H14 -> 2750 | F4: =SUM(B4:E4) -> 504567.35
A5: Congressional Primary | B5: 1744 | C5: 421001.6 | D5: =Totals!B15+Totals!E15+Totals!C9+Totals!E9 -> 79071.75 | E5: =Totals!H15 -> 2750 | F5: =SUM(B5:E5) -> 504567.35
A6: General Election | B6: 1744 | C6: 421001.6 | D6: =Totals!B16+Totals!E16+Totals!C10+Totals!E10 -> 79071.75 | E6: =Totals!H16 -> 2750 | F6: =SUM(B6:E6) -> 504567.35
C8: Training | F8: =Totals!B20 -> 128898
C9: 6 Temps | F9: =Totals!B21 -> 210000
C10: Total | F10: =SUM(F4:F9) -> 1852600.1
C11: Savings to County | F11: =F10-Totals!B23 -> 205726.8
